 Dungeon Crawl Stone Soup version 0.24.0-37-gcf1ca852f1 (webtiles) character file.

Game seed: 3500666417775097181, levelgen mode: deterministic

46 Delamore the Chopper (level 3, 0/31 HPs)
             Began as a Hill Orc Fighter on Nov 25, 2019.
             Was an Initiate of Okawaru.
             Slain by an iguana (4 damage)
             ... on level 3 of the Dungeon.
             The game lasted 00:01:52 (2033 turns).

Delamore the Chopper (Hill Orc Fighter)             Turns: 2033, Time: 00:01:53

Health: 0/31       AC: 10    Str: 19    XL:     3   Next: 68%
Magic:  3/3        EV:  8    Int:  8    God:    Okawaru [......]
Gold:   118        SH:  9    Dex: 10    Spells: 2/2 levels left

rFire    . . .     SeeInvis .   a - +0 war axe
rCold    + . .     Gourm    .   c - +0 shield
rNeg     . . .     Faith    .   k - +1 ring mail {MR+}
rPois    .         Spirit   .   (no helmet)
rElec    .         Reflect  .   j - +0 cloak
rCorr    .         Harm     .   e - +0 pair of gloves
MR       +....                  l - +0 pair of boots
Stlth    ..........             (no amulet)
HPRegen  0.10/turn              m - ring of protection from cold
MPRegen  0.08/turn              (no ring)

@: no status effects
A: no striking features
a: Renounce Religion


You were on level 3 of the Dungeon.
You worshipped Okawaru.
Okawaru was noncommittal.
You were not hungry.

You visited 1 branch of the dungeon, and saw 3 of its levels.

You collected 118 gold pieces.

Inventory:

Hand Weapons
 a - a +0 war axe (weapon)
Armour
 b - a +0 scale mail
 c - a +0 shield (worn)
 e - a +0 pair of gloves (worn)
 j - a +0 cloak (worn)
 k - a +1 ring mail of magic resistance (worn)
 l - a +0 pair of boots (worn)
Jewellery
 m - a ring of protection from cold (left hand)
Scrolls
 g - a scroll of blinking {unknown}
 h - 3 scrolls of identify {unknown}
 i - a scroll of enchant armour {unknown}
 r - a scroll of teleportation {unknown}
 s - 2 scrolls of amnesia {unknown}
 u - a scroll of magic mapping {unknown}
Potions
 d - 3 potions of might
 n - a potion of haste {unknown}
 o - a potion of heal wounds {unknown}
 p - 3 potions of curing {unknown}
 q - a potion of cancellation {unknown}
 v - a potion of agility {unknown}
Comestibles
 f - 5 rations
 t - 6 chunks of flesh


   Skills:
 - Level 3.6 Fighting
 + Level 5.2 Axes
 - Level 3.2 Armour
 - Level 3.2 Shields


You had 2 spell levels left.
You didn't know any spells.
Your spell library was empty.

Dungeon Overview and Level Annotations

Branches:
Dungeon (3/15)

Altars:
Ashenzari
Cheibriados
Okawaru
Yredelemnul


Message History

You hit the iguana.
The iguana is severely wounded.
You block the iguana's attack.
You closely miss the iguana.
The iguana is severely wounded.
The iguana bites you! The iguana barely misses you.
An iguana is nearby!
An iguana is nearby!
You are too injured to fight recklessly!
You closely miss the iguana.
The iguana is severely wounded.
The iguana bites you!
* * * LOW HITPOINT WARNING * * *
You hit the iguana but do no damage.
The iguana is severely wounded.
You block the iguana's attack.
You completely miss the iguana.
The iguana is severely wounded.
The iguana bites you.
You die...

#.# #.## #..### ###.. ..
.....# #...##. .....##
##......
...#..#+#....... .#.
..............######[...
..............>..(....#
................@l.#
.................##...#
#####............##. .#
##........>.....#
##...#.......###
#######..#######.....
......#.## #.####
......#.# ..# ........#
##


You could see an iguana.

Vanquished Creatures
  2 worms (D:2)
  2 dart slugs
  2 giant cockroaches
  2 goblins (D:1)
  2 hobgoblins
  2 jackals (D:3)
  5 kobolds
  A quokka (D:2)
  11 bats
  4 frilled lizards
  A rat (D:1)
34 creatures vanquished.

Notes
Turn   | Place    | Note
-------+----------+-------------------------------------------
     0 | D:1      | Delamore the Hill Orc Fighter began the quest for the Orb.
     0 | D:1      | Reached XP level 1. HP: 19/19 MP: 1/1
    63 | D:1      | Reached skill level 3 in Axes
   153 | D:1      | Reached XP level 2. HP: 24/26 MP: 2/2
   282 | D:1      | Reached skill level 4 in Axes
  1031 | D:2      | Found a shattered altar of Ashenzari.
  1033 | D:2      | Reached XP level 3. HP: 30/31 MP: 3/3
  1130 | D:2      | Found a snail-covered altar of Cheibriados.
  1131 | D:2      | Found an iron altar of Okawaru.
  1133 | D:2      | Found a basalt altar of Yredelemnul.
  1140 | D:2      | Became a worshipper of Warmaster Okawaru
  1365 | D:2      | Reached skill level 5 in Axes
  2033 | D:3      | Slain by an iguana

Levels and vault maps discovered:
D:1:      lemuel_arrival_muddy, layout_loops_corners
D:2:      layout_basic, evilmike_ruin_ashenzari,
          chequers_temple_overflow_statue_of_worship, first_ration
D:3:      cheibrodos_greedy_goblins, layout_rooms

Skill      XL: |  1  2  3 |
---------------+----------+-----
Axes           | 3 4 5 |  5.2
Fighting       | |  3.6
Armour         | |  3.2
Shields        | |  3.2

Action                   || total
-------------------------++-------
Melee: War axe           ||   132
  Eat: Ration            ||     1
       Chunk             ||     1
Armor: Scale mail        ||    16
       Ring mail         ||    49
Dodge: Dodged            ||    35
Block: Shield            ||    90
